Connexion

Americans vs Stars

Created - 18 septembre 2023 at 05:56

Goals
1 2 3 T
Americans 0 1 0 1
Stars 0 2 2 4
Shots
1 2 3 T
Americans 5 5 7 17
Stars 8 11 14 33

GoalsPenalties
1st period
No Goal
Kyle Olson (TEX) for Tripping (Minor) at 4:47
Macoy Erkamps (TEX) for Tripping (Minor) at 6:55
Ethan Prow (POR) for Hooking (Minor) at 9:11
2nd period
1. Stars , Kyle Olson 4 (Matteson Iacopelli 4, Matthew Robertson 5) at 6:46
2. Stars , Kyle Platzer 3 (Nicolas Beaudin 9, Ilya Lyubushkin 13) at 7:24
3. Americans , Cameron Hughes 11 (Andrew Agozzino 12) at 18:10
No Penalty
3rd period
4. Stars , Hudson Elynuik 7 (Nicholas Caamano 5, Gabriel Bourque 8) at 6:55
5. Stars , Kyle Olson 5 (Matteson Iacopelli 5, Ryan Olsen 7) at 8:33 (PP)
Andrew Peeke (POR) for Hooking (Minor) at 1:55
Cole Hults (POR) for Hooking (Minor) at 4:10
Joseph Duszak (POR) for Hooking (Minor) at 7:20
Andrew Peeke (POR) for Hooking (Minor) at 10:26
Macoy Erkamps (TEX) for Tripping (Minor) at 13:16
Connor Carrick (POR) for Hooking (Minor) at 16:25
Goalie Stats
Alex Starlock (POR), 29 saves from 33 shots - (0,879), L, 7-6-0, 60:00 minutes
Matthew Villalta (TEX), 16 saves from 17 shots - (0,941), W, 7-5-1, 60:00 minutes
3 StarsOfficial
1 - Kyle Olson (TEX)
2 - Matteson Iacopelli (TEX)
3 - Hudson Elynuik (TEX)
Referees : Dave Jackson and Rob Martell
Linesman : Mark Wheler and Derek Amell
Game Note
No Game Note
Finance
Level 1 -- Attendance: 2000 (100,00%) -- Ticket Income 40 000 $
Level 2 -- Attendance: 1000 (100,00%) -- Ticket Income 10 000 $
Total Attendance: 3000 (100,00%)
Total Ticket Income: 50 000 $
Other Income: 10 000 $
Total Income: 60 000 $



Team Name Goals Shots Shots Attemp Shots Blocked PIM HIT PP PK FO%
Americans 11744612300 / 3 (0%)148%
Stars 4336556211 / 6 (17%)052%

Americans
Player Name POS G A P +/- PIM HIT SHT SB MP PP MP PP SHT PK MP PK SHT FO% FOT
Andrew AgozzinoC/LW0110021020:233:0303:10037% 19
Andrew PeekeD000-2441321:313:0314:2100% 0
Cameron HughesC/LW1010024017:172:3610:3100% 0
Cole HultsD0000220015:480:0001:4100% 0
Connor CarrickD0000271121:242:5403:5300% 0
Ethan ProwD0000200015:320:0001:2500% 0
Joseph DuszakD0000220122:002:5404:2900% 0
Kyle OkposoC/RW000-1000022:342:5407:21047% 15
Kyle RauC/LW/RW000-1000011:540:0002:0200% 1
Matt LoritoLW/RW0000010016:462:3600:0000% 1
Mattias SamuelssonD000-2021123:393:0306:2700% 0
Patrick BrownC/RW000000106:340:0000:000100% 1
Riley TufteLW000003006:340:0000:0000% 0
Ross JohnstonLW000-1053021:152:5416:02142% 12
Sam AnasC/RW000-1002010:190:2700:0000% 0
Sean MaloneC000000206:340:0000:00071% 7
Tanner Fritz C/LW/RW000-1001018:232:5403:10067% 6
Turner ElsonC/LW/RW000-1000010:190:2700:00056% 9
Stars
Player Name POS G A P +/- PIM HIT SHT SB MP PP MP PP SHT PK MP PK SHT FO% FOT
Brad MorrisonC0000000012:020:0000:00033% 12
Christoph BertschyC/LW/RW0000000012:050:0000:0300% 0
Gabriel BourqueLW/RW0110006023:095:1323:25057% 7
Hudson ElynuikC/LW1010033022:135:1312:29067% 21
Ilya LyubushkinD0110020124:386:3503:0300% 0
Joseph CecconiD0001022119:324:3302:5400% 0
Kyle OlsonC/RW2021213016:135:5510:0000% 0
Kyle PlatzerC/RW101100206:030:0000:00050% 4
Liam CoughlinC/LW/RW000100006:030:0000:0000% 0
Macoy ErkampsD0001410115:480:0000:0000% 0
Matteson IacopelliLW/RW0221042016:145:5510:000100% 1
Matthew RobertsonD0111011015:530:0000:0300% 0
Matthew StromeLW000100106:060:0000:0300% 0
Nicholas CaamanoRW0110024023:095:1313:2510% 0
Nicolas BeaudinD0110001024:356:3513:0000% 0
Patrick McNallyD0001005119:324:3332:5400% 0
Ryan OlsenC0111012118:435:5512:29046% 24
Ryan RupertC/LW0000041012:020:0000:00050% 2



Play-by-Play

1st period


0:01 of 1st period - Hudson Elynuik wins face-off versus Kyle Okposo in neutral zone.
0:01 of 1st period - Nicholas Caamano is hit by Ross Johnston and loses puck.
0:21 of 1st period - Nicolas Beaudin is hit by Ross Johnston and loses puck.
0:25 of 1st period - Nicolas Beaudin is hit by Connor Carrick and loses puck.
0:28 of 1st period - Shot by Gabriel Bourque.
0:28 of 1st period - Stopped by Alex Starlock without a rebound.
0:29 of 1st period - Ryan Olsen wins face-off versus Andrew Agozzino in Americans zone.
0:32 of 1st period - Shot by Patrick McNally.
0:32 of 1st period - Stopped by Alex Starlock without a rebound.
0:33 of 1st period - Brad Morrison wins face-off versus Turner Elson in Americans zone.
0:52 of 1st period - Shot by Sam Anas.
0:52 of 1st period - Stopped by Matthew Villalta without a rebound.
0:53 of 1st period - Ryan Olsen wins face-off versus Matt Lorito in Stars zone.
1:15 of 1st period - Shot by Ryan Olsen.
1:15 of 1st period - Shot Misses the Net.
1:21 of 1st period - Shot by Patrick McNally.
1:21 of 1st period - Shot Blocked by Andrew Peeke.
1:37 of 1st period - Icing by Kyle Olson.
1:38 of 1st period - Ryan Olsen wins face-off versus Kyle Okposo in Stars zone.
2:49 of 1st period - Icing by Gabriel Bourque.
2:50 of 1st period - Hudson Elynuik wins face-off versus Turner Elson in Stars zone.
2:58 of 1st period - Icing by Gabriel Bourque.
2:59 of 1st period - Andrew Agozzino wins face-off versus Hudson Elynuik in Stars zone.
2:59 of 1st period - Andrew Agozzino is hit by Ilya Lyubushkin.
3:26 of 1st period - Kyle Platzer is hit by Andrew Peeke and loses puck.
3:36 of 1st period - Icing by Andrew Agozzino.
3:37 of 1st period - Andrew Agozzino wins face-off versus Brad Morrison in Americans zone.
3:42 of 1st period - Andrew Agozzino is hit by Ryan Rupert and loses puck.
4:06 of 1st period - Ryan Rupert is hit by Connor Carrick and loses puck.
4:15 of 1st period - Shot by Ryan Rupert.
4:15 of 1st period - Stopped by Alex Starlock without a rebound.
4:16 of 1st period - Turner Elson wins face-off versus Ryan Olsen in Americans zone.
4:16 of 1st period - Turner Elson is hit by Matteson Iacopelli.
4:47 of 1st period - Minor Penalty to Kyle Olson for Tripping.
4:48 of 1st period - Kyle Okposo wins face-off versus Gabriel Bourque in Stars zone.
5:30 of 1st period - Joseph Duszak is hit by Joseph Cecconi and loses puck.
6:05 of 1st period - Icing by Andrew Peeke.
6:06 of 1st period - Gabriel Bourque wins face-off versus Andrew Agozzino in Americans zone.
6:15 of 1st period - Shot by Nicholas Caamano.
6:15 of 1st period - Stopped by Alex Starlock without a rebound.
6:16 of 1st period - Kyle Okposo wins face-off versus Hudson Elynuik in Americans zone.
6:55 of 1st period - Minor Penalty to Macoy Erkamps for Tripping.
6:56 of 1st period - Gabriel Bourque wins face-off versus Andrew Agozzino in Stars zone.
6:56 of 1st period - Gabriel Bourque is hit by Andrew Agozzino.
7:24 of 1st period - Shot by Matt Lorito.
7:24 of 1st period - Shot Blocked by Joseph Cecconi.
8:12 of 1st period - Shot by Ryan Olsen.
8:12 of 1st period - Shot Misses the Net.
9:00 of 1st period - Icing by Macoy Erkamps.
9:01 of 1st period - Patrick Brown wins face-off versus Brad Morrison in Stars zone.
9:11 of 1st period - Minor Penalty to Ethan Prow for Hooking.
9:12 of 1st period - Ross Johnston wins face-off versus Ryan Olsen in Americans zone.
9:12 of 1st period - Ross Johnston is hit by Matteson Iacopelli.
9:24 of 1st period - Shot by Ross Johnston.
9:24 of 1st period - Stopped by Matthew Villalta without a rebound.
9:25 of 1st period - Ross Johnston wins face-off versus Ryan Olsen in Stars zone.
10:51 of 1st period - Shot by Patrick McNally.
10:51 of 1st period - Stopped by Alex Starlock without a rebound.
10:52 of 1st period - Ryan Olsen wins face-off versus Kyle Rau in Americans zone.
10:57 of 1st period - Shot by Matteson Iacopelli.
10:57 of 1st period - Stopped by Alex Starlock without a rebound.
10:58 of 1st period - Tanner Fritz wins face-off versus Hudson Elynuik in Americans zone.
11:39 of 1st period - Shot by Brad Morrison.
11:39 of 1st period - Shot Hit the Post.
11:56 of 1st period - Icing by Matthew Robertson.
11:57 of 1st period - Ryan Rupert wins face-off versus Andrew Agozzino in Stars zone.
12:04 of 1st period - Shot by Cameron Hughes.
12:04 of 1st period - Shot Misses the Net.
12:07 of 1st period - Icing by Matthew Robertson.
12:08 of 1st period - Kyle Okposo wins face-off versus Brad Morrison in Stars zone.
12:17 of 1st period - Shot by Ross Johnston.
12:17 of 1st period - Shot Misses the Net.
12:19 of 1st period - Shot by Kyle Okposo.
12:19 of 1st period - Shot Misses the Net.
12:21 of 1st period - Shot by Tanner Fritz .
12:21 of 1st period - Shot Misses the Net.
12:23 of 1st period - Shot by Kyle Okposo.
12:23 of 1st period - Shot Misses the Net.
13:35 of 1st period - Icing by Ilya Lyubushkin.
13:36 of 1st period - Turner Elson wins face-off versus Hudson Elynuik in Stars zone.
13:37 of 1st period - Shot by Sam Anas.
13:37 of 1st period - Stopped by Matthew Villalta without a rebound.
13:38 of 1st period - Ryan Olsen wins face-off versus Turner Elson in Stars zone.
14:49 of 1st period - Shot by Kyle Platzer.
14:49 of 1st period - Deflect By Matthew Strome.
14:49 of 1st period - Shot Misses the Net.
14:51 of 1st period - Shot by Matthew Strome.
14:51 of 1st period - Stopped by Alex Starlock without a rebound.
14:52 of 1st period - Andrew Agozzino wins face-off versus Hudson Elynuik in Americans zone.
15:14 of 1st period - Gabriel Bourque is hit by Connor Carrick and loses puck.
15:17 of 1st period - Shot by Hudson Elynuik.
15:17 of 1st period - Stopped by Alex Starlock with a rebound.
15:19 of 1st period - Shot by Gabriel Bourque.
15:19 of 1st period - Shot Misses the Net.
17:05 of 1st period - Icing by Ilya Lyubushkin.
17:06 of 1st period - Turner Elson wins face-off versus Ryan Olsen in Stars zone.
17:27 of 1st period - Shot by Matteson Iacopelli.
17:27 of 1st period - Shot Misses the Net.
18:09 of 1st period - Shot by Matt Lorito.
18:09 of 1st period - Shot Misses the Net.
18:11 of 1st period - Shot by Cameron Hughes.
18:11 of 1st period - Stopped by Matthew Villalta without a rebound.
18:12 of 1st period - Tanner Fritz wins face-off versus Kyle Platzer in Stars zone.
18:15 of 1st period - Shot by Ross Johnston.
18:15 of 1st period - Stopped by Matthew Villalta with a rebound.
19:23 of 1st period - Christoph Bertschy is hit by Cole Hults and loses puck.
19:55 of 1st period - Cameron Hughes is hit by Matthew Robertson and loses puck.
Goals for this period are 0 for Americans vs 0 for Stars.
Shots for this period are 5 for Americans vs 8 for Stars.

2nd period


0:01 of 2nd period - Hudson Elynuik wins face-off versus Kyle Okposo in neutral zone.
0:27 of 2nd period - Shot by Gabriel Bourque.
0:27 of 2nd period - Shot Misses the Net.
0:29 of 2nd period - Shot by Gabriel Bourque.
0:29 of 2nd period - Stopped by Alex Starlock with a rebound.
1:05 of 2nd period - Shot by Kyle Olson.
1:05 of 2nd period - Shot Misses the Net.
1:09 of 2nd period - Shot by Patrick McNally.
1:09 of 2nd period - Stopped by Alex Starlock without a rebound.
1:10 of 2nd period - Kyle Platzer wins face-off versus Andrew Agozzino in Americans zone.
1:32 of 2nd period - Mattias Samuelsson is hit by Macoy Erkamps.
1:41 of 2nd period - Off-side.
1:42 of 2nd period - Matteson Iacopelli wins face-off versus Sean Malone in neutral zone.
1:44 of 2nd period - Off-side.
1:45 of 2nd period - Hudson Elynuik wins face-off versus Sean Malone in neutral zone.
1:54 of 2nd period - Shot by Gabriel Bourque.
1:54 of 2nd period - Stopped by Alex Starlock without a rebound.
1:55 of 2nd period - Andrew Agozzino wins face-off versus Ryan Olsen in Americans zone.
1:55 of 2nd period - Andrew Agozzino is hit by Matteson Iacopelli.
2:18 of 2nd period - Shot by Ryan Olsen.
2:18 of 2nd period - Stopped by Alex Starlock with a rebound.
2:20 of 2nd period - Shot by Ryan Olsen.
2:20 of 2nd period - Shot Misses the Net.
2:22 of 2nd period - Shot by Joseph Cecconi.
2:22 of 2nd period - Shot Blocked by Andrew Peeke.
2:24 of 2nd period - Shot by Matteson Iacopelli.
2:24 of 2nd period - Stopped by Alex Starlock with a rebound.
2:30 of 2nd period - Shot by Matteson Iacopelli.
2:30 of 2nd period - Shot Misses the Net.
3:04 of 2nd period - Shot by Turner Elson.
3:04 of 2nd period - Shot Misses the Net.
3:06 of 2nd period - Shot by Kyle Rau.
3:06 of 2nd period - Shot Misses the Net.
3:08 of 2nd period - Shot by Connor Carrick.
3:08 of 2nd period - Stopped by Matthew Villalta with a rebound.
3:10 of 2nd period - Shot by Kyle Rau.
3:10 of 2nd period - Shot Misses the Net.
3:38 of 2nd period - Shot by Ross Johnston.
3:38 of 2nd period - Shot Blocked by Ilya Lyubushkin.
3:40 of 2nd period - Shot by Ross Johnston.
3:40 of 2nd period - Shot Misses the Net.
3:43 of 2nd period - Ross Johnston is hit by Ilya Lyubushkin and loses puck.
4:30 of 2nd period - Icing by Mattias Samuelsson.
4:31 of 2nd period - Sean Malone wins face-off versus Ryan Olsen in Americans zone.
4:52 of 2nd period - Shot by Ryan Olsen.
4:52 of 2nd period - Shot Misses the Net.
6:04 of 2nd period - Icing by Joseph Duszak.
6:05 of 2nd period - Andrew Agozzino wins face-off versus Brad Morrison in Americans zone.
6:07 of 2nd period - Icing by Connor Carrick.
6:08 of 2nd period - Brad Morrison wins face-off versus Andrew Agozzino in Americans zone.
6:30 of 2nd period - Shot by Christoph Bertschy.
6:30 of 2nd period - Shot Misses the Net.
6:32 of 2nd period - Shot by Joseph Cecconi.
6:32 of 2nd period - Stopped by Alex Starlock without a rebound.
6:33 of 2nd period - Ryan Olsen wins face-off versus Kyle Okposo in Americans zone.
6:44 of 2nd period - Shot by Matteson Iacopelli.
6:44 of 2nd period - Shot Misses the Net.
6:46 of 2nd period - Shot by Kyle Olson.
6:46 of 2nd period - Goal by Kyle Olson - Americans : 0 - Stars : 1.
6:47 of 2nd period - Kyle Platzer wins face-off versus Turner Elson in neutral zone.
7:04 of 2nd period - Shot by Kyle Platzer.
7:04 of 2nd period - Shot Misses the Net.
7:24 of 2nd period - Shot by Kyle Platzer.
7:24 of 2nd period - Goal by Kyle Platzer - Americans : 0 - Stars : 2.
7:25 of 2nd period - Hudson Elynuik wins face-off versus Kyle Okposo in neutral zone.
7:25 of 2nd period - Patrick McNally is hit by Ross Johnston and loses puck.
8:32 of 2nd period - Matthew Robertson is hit by Connor Carrick and loses puck.
8:38 of 2nd period - Off-side.
8:39 of 2nd period - Turner Elson wins face-off versus Brad Morrison in neutral zone.
9:59 of 2nd period - Shot by Nicholas Caamano.
9:59 of 2nd period - Stopped by Alex Starlock without a rebound.
10:00 of 2nd period - Kyle Okposo wins face-off versus Ryan Olsen in Americans zone.
10:25 of 2nd period - Shot by Kyle Olson.
10:25 of 2nd period - Shot Misses the Net.
10:39 of 2nd period - Matteson Iacopelli is hit by Mattias Samuelsson and loses puck.
11:07 of 2nd period - Ross Johnston is hit by Joseph Cecconi and loses puck.
11:42 of 2nd period - Hudson Elynuik is hit by Cameron Hughes.
12:46 of 2nd period - Icing by Matteson Iacopelli.
12:47 of 2nd period - Sean Malone wins face-off versus Ryan Olsen in Stars zone.
13:10 of 2nd period - Shot by Sean Malone.
13:10 of 2nd period - Shot Misses the Net.
14:03 of 2nd period - Icing by Christoph Bertschy.
14:04 of 2nd period - Brad Morrison wins face-off versus Andrew Agozzino in Stars zone.
14:56 of 2nd period - Gabriel Bourque is hit by Mattias Samuelsson and loses puck.
15:17 of 2nd period - Shot by Kyle Olson.
15:17 of 2nd period - Stopped by Alex Starlock without a rebound.
15:18 of 2nd period - Kyle Okposo wins face-off versus Kyle Platzer in Americans zone.
16:51 of 2nd period - Shot by Nicolas Beaudin.
16:51 of 2nd period - Shot Blocked by Joseph Duszak.
17:07 of 2nd period - Shot by Nicholas Caamano.
17:07 of 2nd period - Stopped by Alex Starlock without a rebound.
17:08 of 2nd period - Sean Malone wins face-off versus Ryan Rupert in Americans zone.
17:08 of 2nd period - Sean Malone is hit by Ryan Rupert.
17:18 of 2nd period - Brad Morrison is hit by Riley Tufte and loses puck.
17:43 of 2nd period - Macoy Erkamps is hit by Riley Tufte and loses puck.
17:57 of 2nd period - Off-side.
17:58 of 2nd period - Kyle Okposo wins face-off versus Hudson Elynuik in neutral zone.
18:08 of 2nd period - Icing by Nicholas Caamano.
18:09 of 2nd period - Andrew Agozzino wins face-off versus Gabriel Bourque in Stars zone.
18:10 of 2nd period - Shot by Cameron Hughes.
18:10 of 2nd period - Goal by Cameron Hughes - Americans : 1 - Stars : 2.
18:11 of 2nd period - Hudson Elynuik wins face-off versus Ross Johnston in neutral zone.
18:14 of 2nd period - Kyle Okposo is hit by Hudson Elynuik.
18:20 of 2nd period - Shot by Gabriel Bourque.
18:20 of 2nd period - Shot Hit the Post.
18:30 of 2nd period - Shot by Tanner Fritz .
18:30 of 2nd period - Stopped by Matthew Villalta without a rebound.
18:31 of 2nd period - Andrew Agozzino wins face-off versus Ryan Olsen in Stars zone.
18:34 of 2nd period - Shot by Matt Lorito.
18:34 of 2nd period - Shot Misses the Net.
18:36 of 2nd period - Shot by Mattias Samuelsson.
18:36 of 2nd period - Stopped by Matthew Villalta with a rebound.
18:52 of 2nd period - Shot by Andrew Agozzino.
18:52 of 2nd period - Stopped by Matthew Villalta without a rebound.
18:53 of 2nd period - Hudson Elynuik wins face-off versus Kyle Okposo in Stars zone.
Goals for this period are 1 for Americans vs 2 for Stars.
Shots for this period are 5 for Americans vs 11 for Stars.

3rd period


0:01 of 3rd period - Hudson Elynuik wins face-off versus Kyle Okposo in neutral zone.
0:27 of 3rd period - Shot by Ross Johnston.
0:27 of 3rd period - Shot Misses the Net.
0:35 of 3rd period - Tanner Fritz is hit by Nicholas Caamano.
1:03 of 3rd period - Shot by Cameron Hughes.
1:03 of 3rd period - Stopped by Matthew Villalta without a rebound.
1:04 of 3rd period - Turner Elson wins face-off versus Brad Morrison in Stars zone.
1:39 of 3rd period - Shot by Turner Elson.
1:39 of 3rd period - Shot Misses the Net.
1:55 of 3rd period - Minor Penalty to Andrew Peeke for Hooking.
1:56 of 3rd period - Ryan Olsen wins face-off versus Ross Johnston in Americans zone.
2:07 of 3rd period - Shot by Ilya Lyubushkin.
2:07 of 3rd period - Shot Misses the Net.
2:09 of 3rd period - Shot by Kyle Olson.
2:09 of 3rd period - Shot Misses the Net.
2:11 of 3rd period - Shot by Nicolas Beaudin.
2:11 of 3rd period - Shot Blocked by Connor Carrick.
3:31 of 3rd period - Icing by Matteson Iacopelli.
3:32 of 3rd period - Ryan Olsen wins face-off versus Ross Johnston in Stars zone.
3:55 of 3rd period - Shot by Ilya Lyubushkin.
3:55 of 3rd period - Shot Misses the Net.
4:10 of 3rd period - Minor Penalty to Cole Hults for Hooking.
4:11 of 3rd period - Tanner Fritz wins face-off versus Gabriel Bourque in Americans zone.
4:29 of 3rd period - Kyle Okposo is hit by Hudson Elynuik and loses puck.
4:40 of 3rd period - Shot by Patrick McNally.
4:40 of 3rd period - Stopped by Alex Starlock without a rebound.
4:41 of 3rd period - Ryan Olsen wins face-off versus Tanner Fritz in Americans zone.
4:45 of 3rd period - Matteson Iacopelli is hit by Joseph Duszak and loses puck.
5:07 of 3rd period - Matteson Iacopelli is hit by Connor Carrick and loses puck.
5:44 of 3rd period - Shot by Hudson Elynuik.
5:44 of 3rd period - Stopped by Alex Starlock without a rebound.
5:45 of 3rd period - Ross Johnston wins face-off versus Ryan Olsen in Americans zone.
5:45 of 3rd period - Ross Johnston is hit by Matteson Iacopelli.
6:10 of 3rd period - Icing by Ilya Lyubushkin.
6:11 of 3rd period - Sean Malone wins face-off versus Brad Morrison in Stars zone.
6:24 of 3rd period - Shot by Sean Malone.
6:24 of 3rd period - Shot Misses the Net.
6:26 of 3rd period - Shot by Sean Malone.
6:26 of 3rd period - Shot Blocked by Macoy Erkamps.
6:28 of 3rd period - Shot by Sean Malone.
6:28 of 3rd period - Stopped by Matthew Villalta without a rebound.
6:29 of 3rd period - Hudson Elynuik wins face-off versus Andrew Agozzino in Stars zone.
6:29 of 3rd period - Hudson Elynuik is hit by Andrew Agozzino.
6:48 of 3rd period - Hudson Elynuik is hit by Andrew Peeke and loses puck.
6:51 of 3rd period - Shot by Gabriel Bourque.
6:51 of 3rd period - Stopped by Alex Starlock with a rebound.
6:53 of 3rd period - Shot by Nicholas Caamano.
6:53 of 3rd period - Shot Misses the Net.
6:55 of 3rd period - Shot by Hudson Elynuik.
6:55 of 3rd period - Goal by Hudson Elynuik - Americans : 1 - Stars : 3.
6:56 of 3rd period - Kyle Okposo wins face-off versus Brad Morrison in neutral zone.
6:56 of 3rd period - Connor Carrick is hit by Ryan Rupert and loses puck.
7:07 of 3rd period - Ryan Rupert is hit by Joseph Duszak and loses puck.
7:16 of 3rd period - Ryan Rupert is hit by Connor Carrick and loses puck.
7:20 of 3rd period - Minor Penalty to Joseph Duszak for Hooking.
7:21 of 3rd period - Ross Johnston wins face-off versus Hudson Elynuik in Americans zone.
7:21 of 3rd period - Ross Johnston is hit by Hudson Elynuik.
8:33 of 3rd period - Shot by Matteson Iacopelli.
8:33 of 3rd period - Deflect By Kyle Olson.
8:33 of 3rd period - Goal by Kyle Olson - Americans : 1 - Stars : 4.
8:34 of 3rd period - Brad Morrison wins face-off versus Andrew Agozzino in neutral zone.
9:01 of 3rd period - Matt Lorito is hit by Ryan Rupert and loses puck.
10:08 of 3rd period - Shot by Sean Malone.
10:08 of 3rd period - Stopped by Matthew Villalta with a rebound.
10:10 of 3rd period - Shot by Patrick Brown.
10:10 of 3rd period - Stopped by Matthew Villalta without a rebound.
10:11 of 3rd period - Sean Malone wins face-off versus Ryan Olsen in Stars zone.
10:23 of 3rd period - Shot by Matteson Iacopelli.
10:23 of 3rd period - Shot Misses the Net.
10:25 of 3rd period - Shot by Joseph Cecconi.
10:25 of 3rd period - Stopped by Alex Starlock without a rebound.
10:26 of 3rd period - Hudson Elynuik wins face-off versus Andrew Agozzino in Americans zone.
10:26 of 3rd period - Minor Penalty to Andrew Peeke for Hooking.
10:27 of 3rd period - Hudson Elynuik wins face-off versus Ross Johnston in Americans zone.
10:27 of 3rd period - Nicolas Beaudin is hit by Cole Hults and loses puck.
10:38 of 3rd period - Shot by Gabriel Bourque.
10:38 of 3rd period - Stopped by Alex Starlock with a rebound.
10:55 of 3rd period - Hudson Elynuik is hit by Connor Carrick and loses puck.
11:47 of 3rd period - Shot by Matteson Iacopelli.
11:47 of 3rd period - Deflect By Ryan Olsen.
11:47 of 3rd period - Stopped by Alex Starlock without a rebound.
11:48 of 3rd period - Hudson Elynuik wins face-off versus Tanner Fritz in Americans zone.
11:57 of 3rd period - Shot by Gabriel Bourque.
11:57 of 3rd period - Stopped by Alex Starlock without a rebound.
11:58 of 3rd period - Ryan Olsen wins face-off versus Ross Johnston in Americans zone.
11:59 of 3rd period - Shot by Nicolas Beaudin.
11:59 of 3rd period - Stopped by Alex Starlock with a rebound.
12:01 of 3rd period - Shot by Ilya Lyubushkin.
12:01 of 3rd period - Shot Misses the Net.
12:38 of 3rd period - Shot by Matthew Robertson.
12:38 of 3rd period - Stopped by Alex Starlock with a rebound.
13:03 of 3rd period - Macoy Erkamps is hit by Riley Tufte and loses puck.
13:14 of 3rd period - Macoy Erkamps is hit by Matt Lorito and loses puck.
13:16 of 3rd period - Minor Penalty to Macoy Erkamps for Tripping.
13:17 of 3rd period - Gabriel Bourque wins face-off versus Kyle Okposo in Stars zone.
13:17 of 3rd period - Gabriel Bourque is hit by Ross Johnston.
13:26 of 3rd period - Joseph Duszak is hit by Nicholas Caamano and loses puck.
13:31 of 3rd period - Shot by Ross Johnston.
13:31 of 3rd period - Shot Blocked by Patrick McNally.
13:33 of 3rd period - Shot by Ross Johnston.
13:33 of 3rd period - Deflect By Tanner Fritz .
13:33 of 3rd period - Shot Misses the Net.
13:35 of 3rd period - Shot by Connor Carrick.
13:35 of 3rd period - Shot Misses the Net.
13:37 of 3rd period - Shot by Ross Johnston.
13:37 of 3rd period - Stopped by Matthew Villalta with a rebound.
13:39 of 3rd period - Shot by Joseph Duszak.
13:39 of 3rd period - Shot Misses the Net.
14:22 of 3rd period - Shot by Andrew Agozzino.
14:22 of 3rd period - Shot Misses the Net.
14:24 of 3rd period - Shot by Mattias Samuelsson.
14:24 of 3rd period - Shot Blocked by Ryan Olsen.
14:26 of 3rd period - Shot by Andrew Agozzino.
14:26 of 3rd period - Deflect By Cameron Hughes.
14:26 of 3rd period - Shot Hit the Post.
14:28 of 3rd period - Shot by Andrew Agozzino.
14:28 of 3rd period - Shot Misses the Net.
14:30 of 3rd period - Shot by Andrew Peeke.
14:30 of 3rd period - Stopped by Matthew Villalta without a rebound.
14:31 of 3rd period - Gabriel Bourque wins face-off versus Andrew Agozzino in Stars zone.
14:58 of 3rd period - Shot by Matt Lorito.
14:58 of 3rd period - Shot Misses the Net.
15:00 of 3rd period - Shot by Cameron Hughes.
15:00 of 3rd period - Stopped by Matthew Villalta with a rebound.
16:25 of 3rd period - Minor Penalty to Connor Carrick for Hooking.
16:26 of 3rd period - Ross Johnston wins face-off versus Ryan Olsen in Americans zone.
16:26 of 3rd period - Ross Johnston is hit by Kyle Olson.
17:28 of 3rd period - Shot by Nicholas Caamano.
17:28 of 3rd period - Stopped by Alex Starlock without a rebound.
17:29 of 3rd period - Hudson Elynuik wins face-off versus Ross Johnston in Americans zone.
17:37 of 3rd period - Icing by Hudson Elynuik.
17:38 of 3rd period - Hudson Elynuik wins face-off versus Ross Johnston in Stars zone.
17:38 of 3rd period - Hudson Elynuik is hit by Ross Johnston.
17:46 of 3rd period - Shot by Patrick McNally.
17:46 of 3rd period - Shot Misses the Net.
18:09 of 3rd period - Shot by Patrick McNally.
18:09 of 3rd period - Stopped by Alex Starlock without a rebound.
18:10 of 3rd period - Tanner Fritz wins face-off versus Ryan Olsen in Americans zone.
18:10 of 3rd period - Tanner Fritz is hit by Ryan Olsen.
18:42 of 3rd period - Shot by Matthew Strome.
18:42 of 3rd period - Shot Misses the Net.
18:44 of 3rd period - Shot by Macoy Erkamps.
18:44 of 3rd period - Shot Misses the Net.
18:46 of 3rd period - Shot by Kyle Platzer.
18:46 of 3rd period - Stopped by Alex Starlock without a rebound.
18:47 of 3rd period - Ryan Olsen wins face-off versus Andrew Agozzino in Americans zone.
18:54 of 3rd period - Shot by Matteson Iacopelli.
18:54 of 3rd period - Shot Blocked by Andrew Peeke.
18:56 of 3rd period - Shot by Ryan Olsen.
18:56 of 3rd period - Shot Misses the Net.
19:19 of 3rd period - Matteson Iacopelli is hit by Andrew Peeke.
19:23 of 3rd period - Shot by Kyle Olson.
19:23 of 3rd period - Shot Blocked by Mattias Samuelsson.
19:43 of 3rd period - Joseph Cecconi is hit by Cameron Hughes and loses puck.
19:49 of 3rd period - Hudson Elynuik is hit by Andrew Peeke and loses puck.
Goals for this period are 0 for Americans vs 2 for Stars.
Shots for this period are 7 for Americans vs 14 for Stars.